 Dungeon Crawl Stone Soup version 0.22.1-1-ga44c0e56f4 (webtiles) character file.

34 Nixze the Firebug (level 3, -3/26 HPs)
             Began as a Draconian Fire Elementalist on Nov 1, 2018.
             Slain by Natasha (9 damage)
             ... on level 1 of the Dungeon.
             The game lasted 00:03:01 (1394 turns).

Nixze the Firebug (Draconian Fire Elementalist)     Turns: 1394, Time: 00:03:02

Health: -3/26      AC:  5    Str: 10    XL:     3   Next: 14%
Magic:  0/6        EV: 12    Int: 16    God:
Gold:   22         SH:  0    Dex: 11    Spells: 5/6 levels left

rFire    . . .     SeeInvis .   c - +0 dagger
rCold    . . .     Gourm    .   (no shield)
rNeg     . . .     Faith    .   (armour unavailable)
rPois    .         Spirit   .   (helmet restricted)
rElec    .         Reflect  .   (no cloak)
rCorr    .         Harm     .   (no gloves)
MR       .....                  (no boots)
Stlth    ++........             (no amulet)
HPRegen  0.08/turn              (no ring)
MPRegen  0.10/turn              (no ring)

@: very slightly contaminated
A: unfitting armour, cold-blooded, AC +5
a: no special abilities


You were on level 1 of the Dungeon.
You were not hungry.

You visited 1 branch of the dungeon, and saw 2 of its levels.

You collected 22 gold pieces.

Inventory:

Hand Weapons
 c - a +0 dagger (weapon)
Armour
 g - a +0 leather armour
Scrolls
 e - a scroll of identify {unknown}
Potions
 a - a potion of ambrosia {unknown}
 d - a potion of degeneration {unknown}
 f - a potion of curing {unknown}
Comestibles
 b - 2 rations


   Skills:
 - Level 1.7 Dodging
 - Level 1.7 Stealth
 - Level 2.0 Spellcasting
 + Level 2.2 Conjurations
 + Level 3.7 Fire Magic


You had 5 spell levels left.
You knew the following spells:

 Your Spells              Type           Power        Failure   Level  Hunger
a - Flame Tongue          Conj/Fire      ##...        6%          1    #......

Your spell library contained the following spells:

 Spells                   Type           Power        Failure   Level  Hunger
 Throw Flame              Conj/Fire      ##....       9%          2    ###....
 Conjure Flame            Conj/Fire      ##......     19%         3    ###....
 Inner Flame              Hex/Fire       #.......     28%         3    ###....
 Sticky Flame             Conj/Fire      ##......     52%         4    #####..
 Fireball                 Conj/Fire      ##........   86%         5    ######.


Dungeon Overview and Level Annotations

Branches:
Dungeon (2/15)

Altars:

Annotations:
D:1 Natasha


Innate Abilities, Weirdness & Mutations

Your plain brown scales are hard. (AC +5)
You cannot fit into any form of body armour.
You are cold-blooded and may be slowed by cold attacks.


Message History

Confirm with . or Enter, or press ? or * to list all spells.
Aiming: Flame Tongue (safe; 6% risk of failure)
Press: ? - help, Shift-Dir - straight line, f/p - Natasha
Aim: Natasha (severely wounded)
The flame tongue misses Natasha.
Natasha misses you.
You closely miss Natasha.
Natasha is severely wounded.
The shadow imp disappears in a puff of smoke!
Natasha casts a spell at you. You resist with significant effort.
You barely miss Natasha.
Natasha is heavily wounded.
Natasha closely misses you.
The crimson imp blinks!
You hit Natasha.
Natasha is severely wounded.
The crimson imp blinks!
Natasha closely misses you.
You closely miss Natasha.
Natasha is severely wounded.
Natasha claws you!
You die...

#.#####....#.#####.# #..
##'#........#.....#.# #..
#.....#####.#...#.#.# #### #..
#.....# #.#...#.#.# ##..###..
#.....#
###'#.#.#.#'####.PP.####
#.....# #...).#.#.......P.♣..#
##.....###.......#........♣♣♣.#
........##.....###.......P♣..P#
#######.........@h5........P..#
##########.....#####'###.....(#
.)......##...).....#.# ########
#######.##......##.#.#
#.####.#..##.#.#
#.####.#..##.#.#
#......#..##.#.#
#####..#####.#.#
#........♣.♣#########


You could see Natasha and a crimson imp.

Vanquished Creatures
  A dart slug (D:1)
  A leopard gecko (D:1)
  A ball python (D:1)
  2 giant cockroaches (D:1)
  A goblin (D:2)
  7 hobgoblins (D:1)
  4 kobolds (D:1)
  6 bats (D:1)
  3 rats (D:1)
26 creatures vanquished.

Notes
Turn   | Place    | Note
-------+----------+-------------------------------------------
     0 | D:1      | Nixze the Draconian Fire Elementalist began the quest for
                  | the Orb.
     0 | D:1      | Reached XP level 1. HP: 14/14 MP: 3/3
   171 | D:1      | Reached XP level 2. HP: 20/20 MP: 3/5
   891 | D:1      | Reached XP level 3. HP: 22/26 MP: 0/6
  1258 | D:2      | Noticed Natasha
  1394 | D:1      | Slain by Natasha

Skill      XL: |  1  2 |
---------------+-------+-----
Conjurations   | 2 |  2.2
Dodging        | |  1.7
Stealth        | |  1.7
Spellcasting   | |  2.0
Fire Magic     | |  3.7

Action                   || total
-------------------------++-------
Melee: Unarmed           ||     1
       Dagger            ||    25
       Tailslap          ||     2
 Cast: Flame Tongue      ||    47
  Eat: Ration            ||     1
Armor: Skin              ||    11
Dodge: Dodged            ||    36
